 Dungeon Crawl Stone Soup version 0.29.0-4-gdea44cf6ec (webtiles) character file.

Game seed: 4397839110899820311

1007 qw the Cleaver (level 8, -2/46 HPs)
             Began as a Tengu Warper on Aug 28, 2022.
             Was an Initiate of Okawaru.
             Slain by Duvessa
             ... wielding a +0 rapier
              (14 damage)
             ... on level 6 of the Dungeon.
             The game lasted 00:00:35 (6949 turns).

qw the Cleaver (Tengu Warper)                       Turns: 6949, Time: 00:00:35

Health: -2/46      AC: 18    Str: 13    XL:     8   Next: 20%
Magic:  12/12      EV:  7    Int: 13    God:    Okawaru [......]
Gold:   267        SH:  0    Dex: 15    Spells: 11/11 levels left

rFire   . . .      SeeInvis .   Y - +3 hand axe
rCold   . . .      Faith    .   (no shield)
rNeg    + . .      Spirit   .   d - +2 shadow dragon scales
rPois   .          Reflect  .   (helmet restricted)
rElec   .          Harm     .   (no cloak)
rCorr   .          Rampage  .   (no gloves)
Will    .....                   (boots unavailable)
Stlth   ++........              (no amulet)
HPRegen 0.15/turn               j - +4 ring of protection
MPRegen 0.13/turn               i - ring of positive energy

@: flying quickly and evasively, quick
A: beak, talons 3, nimble flight
a: Renounce Religion


You were on level 6 of the Dungeon.
You worshipped Okawaru.
Okawaru was noncommittal.
You visited 2 branches of the dungeon, and saw 7 of its levels.

You collected 267 gold pieces.


Innate Abilities, Weirdness & Mutations

You have a beak for a mouth.
You have claws for feet.
Your magical nature lets you fly swiftly and evasively.


   Skills:
 - Level 3.2 Fighting
 + Level 8.9 Axes
 - Level 2.4 Throwing
 - Level 3.5 Armour
 - Level 2.1 Dodging
 - Level 2.0 Spellcasting
 - Level 2.4 Translocations


You had 11 spell levels left.
You didn't know any spells.
Your spell library contained the following spells:

 Spells                   Type           Power      Damage    Failure   Level
 Blink                    Tloc           14%        N/A       99%         2
 Gell's Gravitas          Tloc           7%         N/A       100%        3
 Lesser Beckoning         Tloc           7%         N/A       100%        3
 Teleport Other           Tloc           7%         N/A       100%        3
 Manifold Assault         Tloc           7%         N/A       100%        5

Inventory:

Hand Weapons
 e - a +0 flail
 Y - a +3 hand axe (weapon)
Missiles
 c - 5 javelins (quivered)
Armour
 d - +2 shadow dragon scales (worn)
Jewellery
 i - a ring of positive energy (right hand)
 j - a +4 ring of protection (left hand)
Scrolls
 f - a scroll of identify
 g - 5 scrolls of teleportation
Potions
 a - 2 potions of might
 b - a potion of resistance
 h - a potion of berserk rage {unknown}
 k - a potion of curing
 l - 2 potions of degeneration {unknown}
 m - a potion of lignification {unknown}
 n - a potion of haste {unknown}

Dungeon Overview and Level Annotations

Branches:
Dungeon (6/15)             Temple (1/1) D:6

Altars:
Ashenzari
Cheibriados
Dithmenos
Elyvilon
Gozag
Hepliaklqana
Kikubaaqudgha
Nemelex Xobeh
Okawaru
Qazlal
Sif Muna
Trog
Uskayaw
Xom
Yredelemnul
The Shining One

Annotations:
D:6 Duvessa


Message History

You closely miss Dowan. Your kick misses Dowan.
You peck Dowan, but do no damage.
Dowan is severely wounded.
Dowan barely misses you.
You slash Dowan!
You kill Dowan!
Okawaru accepts your kill.
You hear a distant scream of rage.
Things that are here:
a +0 dagger; a +0 robe
Found a stone staircase leading down.
Duvessa goes berserk!
You see here 14 gold pieces.
You closely miss Duvessa. You claw Duvessa!
Duvessa is lightly wounded.
Duvessa hits you with a +0 rapier!
You hit Duvessa. You claw Duvessa, but do no damage.
Duvessa is lightly wounded.
Duvessa hits you but does no damage. Duvessa hits you with a +0 rapier!
You hit Duvessa but do no damage. Your peck misses Duvessa.
You punch Duvessa, but do no damage.
Duvessa is lightly wounded.
Duvessa hits you with a +0 rapier!
You hit Duvessa. You peck Duvessa, but do no damage.
Duvessa is lightly wounded.
Duvessa barely misses you.
You hit Duvessa. Your peck misses Duvessa.
Duvessa is moderately wounded.
Duvessa barely misses you. Duvessa hits you but does no damage.
You hit Duvessa but do no damage. You peck Duvessa.
Duvessa is moderately wounded.
Duvessa hits you but does no damage.
You slash Duvessa! You claw Duvessa.
Duvessa is heavily wounded.
Duvessa hits you with a +0 rapier.
You closely miss Duvessa. You claw Duvessa, but do no damage.
Your peck misses Duvessa. You punch Duvessa, but do no damage.
Duvessa is heavily wounded.
Duvessa hits you with a +0 rapier!
You die...

### #.## # #.. ...# .# #
##.# #..####.#
.##.##..###.......#
...$...........>.#
##.##...##.##....# ..
+................#
...##+##..)....@....#
..........######e...#
..........######....#
.......#.##.........#
###..##.#.##.#.......#
.##...#.......###.....#
...................#...#
77.....777...#####.##~.#
~~~~~~~~~7.###


You could see Duvessa (berserk).

Vanquished Creatures
  2 ogres
  A centaur (D:5)
  Blork the orc (D:6)
  A bullfrog (D:6)
  2 scorpions
  A necrophage (D:6)
  Dowan (D:6)
  A hound (D:5)
  2 jellies
  2 iguanas (D:5)
  An orc wizard (D:6)
  10 gnolls
  4 adders
  An ufetubus (D:5)
  2 dart slugs
  4 orcs (D:6)
  5 endoplasms
  2 giant cockroaches
  6 goblins
  6 hobgoblins
  7 jackals
  7 kobolds
  5 quokkas
  6 ball pythons
  5 bats
  4 frilled lizards
  4 rats
93 creatures vanquished.

Vanquished Creatures (others)
  20 plants (D:1)
20 creatures vanquished.

Grand Total: 113 creatures vanquished

Notes
Turn   | Place    | Note
-------+----------+-------------------------------------------
     0 | D:1      | qw the Tengu Warper began the quest for the Orb.
     0 | D:1      | Reached XP level 1. HP: 12/12 MP: 4/4
     0 | D:1      | 0 ||| qw: Version: 0.1-a-89-g26bdef1
     0 | D:1      | 0 ||| qw: Game counter: 3326
     0 | D:1      | 0 ||| qw: Always use a shield: true
     0 | D:1      | 0 ||| qw: God list: Okawaru
     0 | D:1      | 0 ||| qw: Allow faded altars: false
     0 | D:1      | 0 ||| qw: Do Orc after D:15 true
     0 | D:1      | 0 ||| qw: Do second Lair branch before Depths: true
     0 | D:1      | 0 ||| qw: Lair rune preference: random
     0 | D:1      | 0 ||| qw: Plans: Normal
     0 | D:1      | 0 ||| PLANNING D:1-11
    59 | D:1      | 59 ||| Stepping ~*~*~tactically~*~*~ (stealth).
    60 | D:1      | 60 ||| Stepping ~*~*~tactically~*~*~ (stealth).
    86 | D:1      | 86 ||| Stepping ~*~*~tactically~*~*~ (stealth).
   156 | D:1      | Reached skill level 3 in Axes
   156 | D:1      | Reached XP level 2. HP: 17/17 MP: 6/6
   378 | D:1      | 378 ||| Stepping ~*~*~tactically~*~*~ (stealth).
   382 | D:1      | 382 ||| Stepping ~*~*~tactically~*~*~ (stealth).
   405 | D:1      | 405 ||| Stepping ~*~*~tactically~*~*~ (stealth).
   474 | D:1      | 474 ||| Stepping ~*~*~tactically~*~*~ (stealth).
   479 | D:1      | Found a faded altar of an unknown god.
   492 | D:1      | 492 ||| Stepping ~*~*~tactically~*~*~ (stealth).
   670 | D:1      | Reached XP level 3. HP: 21/21 MP: 7/7
   707 | D:1      | 707 ||| Stepping ~*~*~tactically~*~*~ (stealth).
   807 | D:1      | 807 ||| DROPPING +0 club.
   979 | D:1      | 979 ||| UPGRADING to +0 scale mail.
   989 | D:1      | 989 ||| DROPPING +0 leather armour.
   990 | D:1      | 990 ||| UPGRADING to +4 ring of protection.
   991 | D:1      | 991 ||| READING scroll labelled SOATSA TOEM.
   992 | D:1      | 992 ||| READING scroll labelled ICWAZA SUCEWEYTO.
   993 | D:1      | 993 ||| READING 2 scrolls labelled PUTIPRI XENEO.
   994 | D:1      | 994 ||| READING scroll labelled NOT QEF XAASH.
   995 | D:1      | 995 ||| DROPPING scroll of blinking.
  1102 | D:2      | 1102 ||| Stepping ~*~*~tactically~*~*~ (hiding).
  1110 | D:2      | Reached skill level 4 in Axes
  1776 | D:2      | You fall into a shaft and drop 2 floors!
  1824 | D:4      | Reached XP level 4. HP: 26/26 MP: 8/8
  1828 | D:4      | Noticed a scorpion
  1841 | D:4      | Killed a scorpion
  1842 | D:4      | Reached skill level 5 in Axes
  1842 | D:4      | Gained mutation: Your magical nature lets you fly swiftly
                  | and evasively. [Tengu growth]
  1842 | D:4      | Reached XP level 5. HP: 30/30 MP: 9/9
  1913 | D:4      | 1913 ||| READING 3 scrolls labelled WYTZU VUOFUC.
  1914 | D:4      | 1914 ||| READING 2 scrolls of enchant weapon.
  1914 | D:4      | 1914 ||| ENCHANTING +1 hand axe.
  1915 | D:4      | 1915 ||| READING scroll of enchant weapon.
  1915 | D:4      | 1915 ||| ENCHANTING +2 hand axe.
  1916 | D:4      | 1916 ||| READING scroll labelled DEATAA HEGEU.
  1917 | D:4      | 1917 ||| READING scroll labelled YCKYFF HUETI.
  1920 | D:4      | 1920 ||| DRINKING 2 fizzy orange potions.
  1921 | D:4      | 1921 ||| READING 4 scrolls of identify.
  1921 | D:4      | 1921 ||| IDENTIFYING purple potion
  1922 | D:4      | 1922 ||| READING 3 scrolls of identify.
  1922 | D:4      | 1922 ||| IDENTIFYING grey potion
  1923 | D:4      | 1923 ||| DROPPING potion of invisibility.
  1957 | D:4      | Found a hazy altar of Hepliaklqana.
  2239 | D:2      | 2239 ||| READING 2 scrolls of identify.
  2239 | D:2      | 2239 ||| IDENTIFYING lumpy orange potion
  2240 | D:2      | 2240 ||| DROPPING potion of attraction.
  2488 | D:3      | HP: 5/30 [gnoll/+0 spear (6)]
  2489 | D:3      | 2489 ||| READING scroll of teleportation.
  2491 | D:3      | Reached skill level 6 in Axes
  2987 | D:3      | 2987 ||| DROPPING +2 whip of venom.
  2988 | D:3      | 2988 ||| DROPPING +0 whip.
  3763 | D:3      | 3763 ||| READING scroll labelled JUMIVV VOAWKI.
  3764 | D:3      | 3764 ||| READING 2 scrolls of identify.
  3764 | D:3      | 3764 ||| IDENTIFYING orange potion
  3765 | D:3      | 3765 ||| DROPPING potion of brilliance.
  3919 | D:4      | 3919 ||| Stepping ~*~*~tactically~*~*~ (stealth).
  4124 | D:4      | Reached XP level 6. HP: 30/35 MP: 10/10
  4229 | D:4      | 4229 ||| READING 3 scrolls labelled GACIC AVILIABB.
  4230 | D:4      | 4230 ||| READING scroll labelled GAKOMEU YXOE.
  4231 | D:4      | 4231 ||| READING scroll labelled LISMANGEXYNO.
  4232 | D:4      | 4232 ||| DRINKING 2 fuming yellow potions.
  4233 | D:4      | 4233 ||| DROPPING 2 scrolls of fear.
  4260 | D:5      | Entered Level 5 of the Dungeon
  4477 | D:5      | Reached skill level 7 in Axes
  4918 | D:5      | Reached skill level 3 in Fighting
  5015 | D:5      | Reached XP level 7. HP: 27/41 MP: 11/11
  5234 | D:5      | Reached skill level 8 in Axes
  5406 | D:5      | 5406 ||| UPGRADING to +0 shadow dragon scales.
  5416 | D:5      | 5416 ||| DROPPING +0 scale mail.
  5417 | D:5      | 5417 ||| READING 2 scrolls of enchant armour.
  5417 | D:5      | 5417 ||| ENCHANTING +0 shadow dragon scales.
  5418 | D:5      | 5418 ||| READING scroll of enchant armour.
  5418 | D:5      | 5418 ||| ENCHANTING +1 shadow dragon scales.
  5437 | D:6      | 5437 ||| PLANNING SEWER
  5479 | D:6      | Found a shimmering blue altar of Sif Muna.
  5490 | D:6      | 5490 ||| Stepping ~*~*~tactically~*~*~ (hiding).
  5592 | D:6      | 5592 ||| Stepping ~*~*~tactically~*~*~ (hiding).
  5694 | D:6      | 5694 ||| Stepping ~*~*~tactically~*~*~ (hiding).
  5796 | D:6      | 5796 ||| Stepping ~*~*~tactically~*~*~ (hiding).
  5898 | D:6      | 5898 ||| Stepping ~*~*~tactically~*~*~ (hiding).
  6000 | D:6      | 6000 ||| Stepping ~*~*~tactically~*~*~ (hiding).
  6096 | D:6      | 6096 ||| RIP SEWER
  6101 | D:6      | 6101 ||| PLANNING D:1-11
  6102 | D:6      | 6102 ||| Stepping ~*~*~tactically~*~*~ (hiding).
  6204 | D:6      | 6204 ||| DRINKING 2 potions of curing.
  6204 | D:6      | 6204 ||| (to cure confusion)
  6209 | D:6      | Noticed Blork the orc
  6210 | D:6      | 6210 ||| Stepping ~*~*~tactically~*~*~ (hiding).
  6214 | D:6      | 6214 ||| Stepping ~*~*~tactically~*~*~ (hiding).
  6217 | D:6      | 6217 ||| FLEEEEING.
  6218 | D:6      | 6218 ||| FLEEEEING.
  6219 | D:6      | 6219 ||| FLEEEEING.
  6227 | D:6      | Killed Blork the orc
  6228 | D:6      | Reached skill level 3 in Armour
  6358 | D:6      | 6358 ||| Stepping ~*~*~tactically~*~*~ (stealth).
  6359 | D:6      | 6359 ||| Stepping ~*~*~tactically~*~*~ (stealth).
  6388 | D:6      | 6388 ||| Stepping ~*~*~tactically~*~*~ (stealth).
  6394 | D:6      | 6394 ||| Stepping ~*~*~tactically~*~*~ (stealth).
  6480 | D:6      | Reached XP level 8. HP: 42/46 MP: 12/12
  6655 | D:6      | Found a staircase to the Ecumenical Temple.
  6656 | D:6      | 6656 ||| PLANNING TEMPLE
  6656 | D:6      | 6656 ||| UPGRADING to ring of positive energy.
  6713 | Temple   | Entered the Ecumenical Temple
  6749 | Temple   | Became a worshipper of Warmaster Okawaru
  6784 | Temple   | 6784 ||| PLANNING D:1-11
  6816 | D:6      | Noticed Dowan
  6817 | D:6      | 6817 ||| Stepping ~*~*~tactically~*~*~ (hiding).
  6918 | D:6      | Noticed Duvessa
  6919 | D:6      | 6919 ||| Stepping ~*~*~tactically~*~*~ (hiding).
  6933 | D:6      | Killed Dowan
  6949 | D:6      | Slain by Duvessa

Levels and vault maps discovered:
D:1:      roderic_crop_circles_arrival_small, layout_basic,
          basic_ecumenical_altar
D:2:      layout_basic
D:3:      layout_basic
D:4:      layout_rooms, nzn_hepliaklqana_mist_gate,
          eino_small_chamber_without_monster, corexii_corridor_pit,
          minmay_misc_feat_diagonals, minmay_misc_feat_x, skrybe_limestone_x
D:5:      layout_loops_ring
D:6:      layout_basic, fiery_altar_vehumet,
          mainiacjoe_overflow_six_doors_small, minmay_temple_entry_water_ring,
          gup_sewer_entry_pipe, serial_park_tiny_pond, minmay_ruined_shrine,
          uniq_blork_the_orc, uniq_duvessa
Temple:   compressed_dpeg_circular_temple

Skill      XL: |  1  2  3  4  5  6  7 |
---------------+----------------------+-----
Axes           | 3 4 5 6 7 8 |  8.9
Fighting       | 3 |  3.2
Armour         | 3 |  3.5
Throwing       | 2 |  2.4
Dodging        | |  2.1
Spellcasting   | |  2.0
Translocations | |  2.4

Action                   |  1- 3 |  4- 6 |  7- 9 || total
-------------------------+-------+-------+-------++-------
Melee: Hand axe          |    88 |   104 |    72 ||   264
       Kick              |    18 |    20 |    23 ||    61
       Peck              |    11 |    17 |    16 ||    44
       Punch             |     1 |     1 |     2 ||     4
Throw: Boomerang         |     7 |       |       ||     7
       Javelin           |       |    30 |    13 ||    43
  Use: Scroll            |     4 |    14 |     2 ||    20
       Potion            |       |     2 |     1 ||     3
Armor: Leather armour    |    19 |       |       ||    19
       Scale mail        |    14 |    37 |     9 ||    60
       Shadow dragon sca |       |       |    20 ||    20
Dodge: Dodged            |    55 |    49 |    20 ||   124

Table legend:
 A = Non-vault XP
 B = Vault XP
 C = Vault XP percentage of total XP
 D = Non-vault monster count
 E = Vault monster count
 F = Vault count percentage of total count
                 A         B        C        D         E       F
            +---------+---------+-------+---------+---------+-------
      Total |    1267 |     172 |  12.0 |      91 |       2 |   2.2
            +---------+---------+-------+---------+---------+-------
        D:1 |      43 |       0 |   0.0 |      25 |       0 |   0.0
        D:2 |      28 |       0 |   0.0 |      10 |       0 |   0.0
        D:3 |     130 |       0 |   0.0 |      26 |       0 |   0.0
        D:4 |     125 |       0 |   0.0 |       8 |       0 |   0.0
        D:5 |     501 |       0 |   0.0 |      10 |       0 |   0.0
        D:6 |     440 |     172 |  28.1 |      12 |       2 |  14.3
            +---------+---------+-------+---------+---------+-------
